 Dungeon Crawl Stone Soup version 0.29.1-15-g9cfb28693d (webtiles) character file.

Game seed: 12737428134285398063

9 Sharkman1231 the Trooper (level 2, -1/26 HPs)
             Began as a Djinni Wanderer on Apr 16, 2023.
             Slain by a goblin
             ... wielding a +0 dagger
              (2 damage)
             ... on level 2 of the Dungeon.
             The game lasted 00:01:41 (630 turns).

Sharkman1231 the Trooper (Djinni Wanderer)           Turns: 630, Time: 00:01:42

Health: -1/26      AC:  5    Str:  8 (10) XL:     2   Next: 20%
Gold:   17         EV: 11    Int: 14 (15) God:
                   SH:  0    Dex:  8 (11)

rFire   + + .      SeeInvis .   a - +2 dagger (venom)
rCold   x . .      Faith    .   (no shield)
rNeg    . . .      Spirit   .   e - +0 robe
rPois   ∞          Reflect  .   h - +2 helmet
rElec   .          Harm     .   (no cloak)
rCorr   .          Rampage  .   (no gloves)
Will    .....                   (boots unavailable)
Stlth   +.........              (no amulet)
HPRegen 0.08/turn               (no ring)
MPRegen 0.00/turn               (no ring)

@: brilliant, attractive, flying
A: sickness immunity, fire resistance 2, cold vulnerability 1, float, innate
caster, HP casting, extra vitality 1
a: no special abilities


You were on level 2 of the Dungeon.
You visited 1 branch of the dungeon, and saw 2 of its levels.

You collected 17 gold pieces.

Inventory:

Hand Weapons
 a - a +2 dagger of venom (weapon)
 g - a +0 dagger
Armour
 e - a +0 robe (worn)
 h - a +2 helmet (worn)
Scrolls
 b - a scroll of summoning
 c - a scroll of teleportation
 d - 2 scrolls of fog
 i - a scroll of identify {unknown}
 k - a scroll of fear {unknown}
 m - a scroll of brand weapon {unknown}
 n - a scroll of enchant weapon {unknown}
 p - 2 scrolls of amnesia {unknown}
Potions
 f - 2 potions of might
 j - a potion of brilliance


   Skills:
 + Level 4.1 Fighting
 + Level 0.5 Short Blades
 + Level 0.7 Dodging
 - Level 1.0 Stealth
 - Level 3.0 Unarmed Combat
 + Level 1.7 Spellcasting


You couldn't memorise any spells.
You knew the following spells:

 Your Spells              Type           Power      Damage    Failure   Level
a - Summon Guardian Gole  Hex/Summ       9%         N/A       34%         3
b - Summon Small Mammal   Summ           36%        N/A       12%         1

Your spell library contained the following spells:

 Spells                   Type           Power      Damage    Failure   Level


Dungeon Overview and Level Annotations

Branches:
Dungeon (2/15)

Altars:


Innate Abilities, Weirdness & Mutations

You are immune to sickness and miasma.
You are immune to poison.
Your flesh is very heat resistant. (rF++)
You are vulnerable to cold. (rC-)
You float through the air rather than walking.
You learn spells naturally, not from books.
Your magical power is your life essence.
You have superior vitality. (+4 MHP)


Message History

Confirm with . or Enter, or press ? or * to list all spells.
You feel a surge of power!
You miscast Summon Small Mammal.
You are very lightly contaminated with residual magic.
Nothing appears to happen.
The bat hits you but does no damage. The adder completely misses you.
The adder bites you.
Found an escape hatch in the ceiling.
Found a stone staircase leading up.
The bat misses you. The adder bites you.
* * * LOW HITPOINT WARNING * * *
Found a leather armour.
The bat barely misses you. The adder attacks as you move away!
The adder bites you.
* * * LOW HITPOINT WARNING * * *
The bat completely misses you. The bat closely misses you.
It was a potion of degeneration.
There was something very wrong with that liquid.
You feel weakened.
You feel dopey.
You feel clumsy. The bat misses you. The bat hits you but does no damage.
The adder bites you but does no damage.
It was a potion of attraction.
You feel attractive to monsters. The bat hits you but does no damage.
The adder closely misses you. The bat is attracted toward you.
Unknown command.
The adder attacks as you move away! The adder bites you.
* * * LOW HITPOINT WARNING * * *
The goblin attacks as you move away! The goblin hits you with a +0 dagger.
* * * LOW HITPOINT WARNING * * *
The bat hits you but does no damage.
Your magical contamination has completely faded away.
The bat is attracted toward you.
Unknown command.
The goblin attacks as you move away! The goblin completely misses you.
The bat closely misses you. The adder completely misses you.
The goblin is attracted toward you. The worm is attracted toward you.
Unknown command.
Unknown command.
Found a potion of might.
The bat hits you but does no damage. The adder is attracted toward you.
The adder attacks as you move away! The adder bites you but does no damage.
The goblin attacks as you move away! The goblin hits you with a +0 dagger.
You die...

...!# ... ... #.
... ....#
#######[# .##..#
#......<##..#....
#<..............#
#.....S@# #... #
#....§bg# ..# ###
# #......w# #.#
#.# # #......§#
#.# #.# #
#......§##### #.#
#.# ##
............#
#.###.###.
............#
#.........
............#
#########.
.....<......# ##


You could see a worm, an adder, a goblin and a bat.

Vanquished Creatures
  2 endoplasms
  A goblin (D:1)
  2 hobgoblins (D:1)
  A ball python (D:1)
  A bat (D:2)
  A rat (D:2)
8 creatures vanquished.

Notes
Turn   | Place    | Note
-------+----------+-------------------------------------------
     0 | D:1      | Sharkman1231 the Djinni Wanderer began the quest for the
                  | Orb.
     0 | D:1      | Sharkman1231 set off with the following items: a +0 dagger,
                  | a scroll of summoning, a scroll of teleportation, a scroll
                  | of fog, a +0 robe, a potion of mightthe following spells
                  | memorised: Summon Guardian Golem, Summon Small Mammal.
     0 | D:1      | Reached XP level 1. HP: 21/21 MP: 0/0
    37 | D:1      | Found a faded altar of an unknown god.
   319 | D:1      | Reached XP level 2. HP: 18/26 MP: 0/0
   573 | D:1      | You are sucked into a shaft and drop 1 floor!
   627 | D:2      | HP: 1/26 [goblin/+0 dagger (2)]
   630 | D:2      | Slain by a goblin

Illustrated notes

Levels and vault maps discovered:
D:1:      dpeg_arrival_simpleton_c, layout_loops_corners,
          ebering_ecumenical_altar_hall, serial_forest,
          infiniplex_forest_zigzag_2, infiniplex_forest_clump_C,
          infiniplex_forest_join, infiniplex_forest_3_way,
          infiniplex_forest_clump_long, minmay_misc_feat_cross
D:2:      layout_basic, uniq_sigmund

Action                   || total
-------------------------++-------
Melee: Dagger            ||    16
 Cast: Summon Small Mamm ||     1
  Use: Potion            ||     3
 Stab: Sleeping          ||     2
Armor: Robe              ||    16
Dodge: Dodged            ||    28
